[Event "ICC tourney 2410 (45 10)"]
[Site "Internet Chess Club"]
[Date "2021.02.27"]
[Round "3"]
[White "JORAJURIA MENDOZA, ALGOL:AJM04"]
[Black "SAMUELSON, ANDREW:phoenix10q72"]
[Result "1/2-1/2"]
[ICCResult "Game drawn by the 50 move rule"]
[WhiteElo "2050"]
[BlackElo "2281"]
[Opening "Sicilian: closed"]
[ECO "B23"]
[NIC "SI.44"]
[Time "16:01:28"]
[PlyCount "258"]
[TimeControl "2700+10"]

1. e4 c5 2. Nc3 a6 3. g3 b5 4. Bg2 Bb7 5. Nge2 e6 6. O-O Nf6 7. d3 d6 8. a3
Qc7 9. Bf4 Nbd7 10. Qd2 Be7 11. h3 h5 12. b4 Rc8 13. Rfc1 e5 14. Be3 Nf8
15. Nd5 Nxd5 16. exd5 c4 17. Nc3 f5 18. a4 bxa4 19. dxc4 Qxc4 20. Nxa4 Nd7
21. Nb2 Qc3 22. Qxc3 Rxc3 23. Bd2 Rc8 24. c4 e4 25. g4 hxg4 26. hxg4 g6 27.
Bc3 Rh4 28. gxf5 gxf5 29. Kf1 Kf7 30. Ke2 Rh2 31. Rg1 Bxd5 32. Bh1 Bxc4+
33. Nxc4 Rxc4 34. Bd2 Ne5 35. Rg2 Rh5 36. Rg3 Nd3 37. Bg2 d5 38. Rxa6 f4
39. Rxd3 exd3+ 40. Kxd3 Rc8 41. Bxf4 Bxb4 42. Be3 Rd8 43. Bd4 Be7 44. Ra7
Ke6 45. Bf3 Rh3 46. Ke2 Rh4 47. Kd3 Bb4 48. Rg7 Rh6 49. Be3 Rf6 50. Bg4+
Kd6 51. Bg5 Rdf8 52. Bxf6 Rxf6 53. f3 Bc5 54. Rd7+ Kc6 55. Rd8 Bb6 56. Re8
Rf4 57. Re5 Rd4+ 58. Kc3 Rc4+ 59. Kd3 Ra4 60. Re8 Ra3+ 61. Kc2 Kc5 62. Rb8
d4 63. Rc8+ Kd6 64. Rb8 Rc3+ 65. Kb2 Bc7 66. Re8 Kd5 67. Re2 Be5 68. Rc2
Re3 69. Kc1 Ra3 70. Kd1 Bf4 71. Bh5 d3 72. Ra2 Rc3 73. Ra5+ Kd4 74. Ra4+
Ke5 75. Rxf4 Kxf4 76. Kd2 Rc5 77. Bg6 Kxf3 78. Kxd3 Rd5+ 79. Kc4 Rd6 80.
Bd3 Ke3 81. Bc2 Rc6+ 82. Kb3 Kd2 83. Be4 Ra6 84. Kc4 Ra4+ 85. Kd5 Ke3 86.
Bc2 Ra6 87. Bb1 Ra4 88. Bc2 Ra5+ 89. Ke6 Kf4 90. Bb3 Re5+ 91. Kf6 Rb5 92.
Bc4 Rb7 93. Ba2 Rb6+ 94. Kg7 Kf5 95. Bc4 Rb7+ 96. Kh8 Kg6 97. Bd3+ Kh6 98.
Bc4 Rc7 99. Bb3 Kg6 100. Ba2 Rh7+ 101. Kg8 Rb7 102. Kh8 Kf6 103. Bc4 Rg7
104. Bb3 Kg6 105. Bc2+ Kh6 106. Bb3 Rh7+ 107. Kg8 Rb7 108. Bc4 Rd7 109. Kh8
Kg6 110. Bb3 Rd8+ 111. Bg8 Rd1 112. Bh7+ Kf6 113. Bc2 Rd8+ 114. Kh7 Rd2
115. Bb3 Rh2+ 116. Kg8 Kg6 117. Bf7+ Kf6 118. Bb3 Rg2+ 119. Kh8 Ke7 120.
Bc4 Kf8 121. Bd3 Rg3 122. Be4 Re3 123. Bc2 Kf7 124. Bb1 Re2 125. Bd3 Rh2+
126. Bh7 Kf6 127. Kg8 Rg2+ 128. Kh8 Rb2 129. Bd3 Rb4 { Game drawn by the 50
move rule } 1/2-1/2

[Event "ICC tourney 2410 (45 10)"]
[Site "Internet Chess Club"]
[Date "2021.02.27"]
[Round "4"]
[White "Vittal, Sanjana:MCTS13"]
[Black "JORAJURIA MENDOZA, ALGOL:AJM04"]
[Result "1-0"]
[ICCResult "Black resigns"]
[WhiteElo "2195"]
[BlackElo "2050"]
[Opening "Sicilian: closed, 2...Nc6"]
[ECO "B23"]
[NIC "SI.44"]
[Time "18:32:17"]
[PlyCount "39"]
[TimeControl "2700+10"]

1. e4 c5 2. Nc3 Nc6 3. Bb5 Nd4 4. Nf3 a6 5. Bd3 g6 6. Nxd4 cxd4 7. Ne2 d5
8. c3 dxe4 9. Bxe4 Nf6 10. Qa4+ Bd7 11. Qxd4 Nxe4 12. Qxh8 Nf6 13. d4 Qb6
14. Bh6 O-O-O 15. Bxf8 Qxb2 16. O-O Qxe2 17. Rae1 Qh5 18. Rxe7 Bb5 19. Qxf6
Bxf1 20. Qb6 { Black resigns } 1-0

[Event "ICC tourney 2410 (45 10)"]
[Site "Internet Chess Club"]
[Date "2021.02.27"]
[Round "4"]
[White "HEBDEN, MARK L:mhebden"]
[Black "MARIAPPAN, ANISH M:Tacticsguy52"]
[Result "1-0"]
[ICCResult "Black checkmated"]
[WhiteElo "2503"]
[BlackElo "1895"]
[Opening "QGD: Orthodox defense, 7.Rc1"]
[ECO "D63"]
[NIC "QO.11"]
[Time "18:31:44"]
[PlyCount "129"]
[TimeControl "2700+10"]

1. d4 d5 2. Nf3 Nf6 3. c4 e6 4. Bg5 Be7 5. e3 O-O 6. Nc3 Nbd7 7. Rc1 h6 8.
Bh4 Re8 9. cxd5 exd5 10. Bd3 c6 11. O-O Nf8 12. Ne5 Be6 13. a3 N8d7 14.
Nxd7 Nxd7 15. Bg3 Nf6 16. b4 a5 17. Qb3 axb4 18. axb4 Bd6 19. Bxd6 Qxd6 20.
h3 Qd7 21. Qd1 Bf5 22. Bxf5 Qxf5 23. b5 Rac8 24. bxc6 bxc6 25. Na4 Ne4 26.
Qc2 Re6 27. Nc5 Rg6 28. Nxe4 dxe4 29. Kh2 Re8 30. f4 h5 31. Qf2 Rc8 32. Rc5
Qf6 33. Rxh5 Re8 34. Rc1 Rh6 35. Rhc5 Re6 36. g4 Rh8 37. g5 Qg6 38. Qg2 Rd6
39. Re5 f6 40. gxf6 Qxf6 41. Re8+ Kh7 42. Qxe4+ g6 43. Rxh8+ Kxh8 44. Qe5
Re6 45. Qxf6+ Rxf6 46. Kg3 Re6 47. Kf3 Kg7 48. e4 Kf6 49. Ra1 Ke7 50. e5
Kf7 51. Ra7+ Kg8 52. Rc7 Kf8 53. Ke4 Ke8 54. h4 Kd8 55. Rh7 Re8 56. Ra7 Re6
57. h5 gxh5 58. f5 Rh6 59. f6 Ke8 60. Kf5 h4 61. e6 Kd8 62. f7 Rh8 63. e7+
Kc8 64. e8=Q+ Rxe8 65. fxe8=Q# { Black checkmated } 1-0

[Event "ICC tourney 2410 (45 10)"]
[Site "Internet Chess Club"]
[Date "2021.02.27"]
[Round "4"]
[White "KUMAR, SRIRAM K:sirking2800"]
[Black "TRANDAFIR, STEFAN:trandaferrari"]
[Result "0-1"]
[ICCResult "White resigns"]
[WhiteElo "2005"]
[BlackElo "1982"]
[Opening "Sicilian: Pelikan, Chelyabinsk variation"]
[ECO "B33"]
[NIC "SI.37"]
[Time "18:32:37"]
[PlyCount "56"]
[TimeControl "2700+10"]

1. e4 c5 2. Nf3 Nc6 3. d4 cxd4 4. Nxd4 Nf6 5. Nc3 e5 6. Ndb5 d6 7. Bg5 a6
8. Na3 b5 9. Nd5 Be7 10. Nxe7 Nxe7 11. c4 Nxe4 12. Bxe7 Qa5+ 13. Ke2 Kxe7
14. Qd5 Qxa3 15. bxa3 Nc3+ 16. Ke3 Nxd5+ 17. cxd5 Bb7 18. Ke4 g6 19. g4
Rhc8 20. Be2 Rc5 21. Rhd1 Rac8 22. a4 Rc2 23. Ke3 R8c3+ 24. Rd3 Bxd5 25.
axb5 Rxe2+ 26. Kxe2 Bc4 27. bxa6 Bxa6 28. Rd1 e4 { White resigns } 0-1

[Event "ICC tourney 2410 (45 10)"]
[Site "Internet Chess Club"]
[Date "2021.02.27"]
[Round "4"]
[White "SHEEHAN, ETHAN THOMAS:Chessking2008"]
[Black "IVANOV, ALEXANDER:marble"]
[Result "0-1"]
[ICCResult "White resigns"]
[WhiteElo "2192"]
[BlackElo "2511"]
[Opening "Robatsch (modern) defense"]
[ECO "A40"]
[NIC "KF.05"]
[Time "18:31:45"]
[PlyCount "70"]
[TimeControl "2700+10"]

1. d4 g6 2. e4 Bg7 3. c4 d6 4. Be3 c5 5. Ne2 Nf6 6. f3 Nbd7 7. Nbc3 O-O 8.
Qd2 a6 9. O-O-O Qc7 10. Kb1 b5 11. cxb5 Bb7 12. g4 Rfb8 13. g5 Ne8 14. Nc1
axb5 15. Nxb5 Qc6 16. Nc3 Nc7 17. h4 Ba6 18. Bxa6 Rxa6 19. h5 Nb6 20. Qe2
Na4 21. Nxa4 Qxa4 22. Qc2 Qxc2+ 23. Kxc2 Ne6 24. hxg6 hxg6 25. b3 Nxd4+ 26.
Bxd4 Bxd4 27. a4 Be3 28. Nd3 c4 29. bxc4 Rxa4 30. Ra1 Rxc4+ 31. Kd1 Bxg5
32. f4 Bf6 33. e5 dxe5 34. fxe5 Rd4 35. Ke2 Bxe5 { White resigns } 0-1

[Event "ICC tourney 2410 (45 10)"]
[Site "Internet Chess Club"]
[Date "2021.02.27"]
[Round "4"]
[White "LIN, LEO FANYUE:Leolix"]
[Black "SRIPADA, HAVISH:brilliantnessme"]
[Result "0-1"]
[ICCResult "White resigns"]
[WhiteElo "1967"]
[BlackElo "2036"]
[Opening "Queen's pawn, Mason variation"]
[ECO "D00"]
[NIC "QP.08"]
[Time "18:32:37"]
[PlyCount "82"]
[TimeControl "2700+10"]

1. d4 d5 2. Bf4 Nf6 3. e3 e6 4. Nf3 b6 5. Nbd2 Bd6 6. Bg3 O-O 7. Bd3 c5 8.
c3 Ba6 9. Bxa6 Nxa6 10. Ne5 Ne4 11. Nxe4 dxe4 12. Qc2 cxd4 13. exd4 Bxe5
14. Bxe5 f5 15. O-O Nc7 16. Qb3 Nd5 17. c4 Nf6 18. Rad1 Ng4 19. c5 Nxe5 20.
dxe5 Qe7 21. cxb6 axb6 22. Rd6 Rae8 23. Rxb6 f4 24. Re1 f3 25. g3 Qf7 26.
Qb5 Qf5 27. Rd6 Rd8 28. Qc4 Rc8 29. Qxe6+ Qxe6 30. Rxe6 e3 31. Rd6 Rc2 32.
Rb1 Rxf2 33. e6 Rc2 34. Rdd1 f2+ 35. Kh1 e2 36. Rf1 exf1=Q+ 37. Rxf1 Re2
38. b4 Rxe6 39. a4 Re4 40. Kg2 Rxb4 41. a5 Ra4 { White resigns } 0-1

[Event "ICC tourney 2410 (45 10)"]
[Site "Internet Chess Club"]
[Date "2021.02.27"]
[Round "4"]
[White "Siamon, David:kasparov57349"]
[Black "NGO, BACH:Dking135799"]
[Result "0-1"]
[ICCResult "White resigns"]
[WhiteElo "2153"]
[BlackElo "2251"]
[Opening "Scotch game"]
[ECO "C45"]
[NIC "SO.04"]
[Time "18:31:50"]
[PlyCount "84"]
[TimeControl "2700+10"]

1. e4 e5 2. Nf3 Nc6 3. d4 exd4 4. Nxd4 Bb4+ 5. c3 Bc5 6. Be3 Bb6 7. Nf5
Bxe3 8. Nxe3 Nf6 9. Bd3 O-O 10. O-O Re8 11. Nd2 d5 12. exd5 Nxd5 13. Bxh7+
Kxh7 14. Qh5+ Kg8 15. Qxd5 Be6 16. Qxd8 Raxd8 17. Nf3 f6 18. h3 a5 19. a3
Bb3 20. Rfe1 a4 21. Nf5 Na5 22. N3d4 Nc4 23. Nxb3 axb3 24. Nd4 Nxb2 25.
Nxb3 Rxe1+ 26. Rxe1 Rd3 27. Rc1 Na4 28. Rc2 Rxc3 29. Rxc3 Nxc3 30. f3 Kf7
31. Kf2 b5 32. Nc5 Ke7 33. Ke3 Kd6 34. Kd3 Nb1 35. Ne4+ Ke5 36. Ke3 Nxa3
37. f4+ Kd5 38. g4 b4 39. h4 Nc2+ 40. Kf3 Ne1+ 41. Ke3 Ng2+ 42. Kd3 Nxf4+ {
White resigns } 0-1

[Event "ICC tourney 2410 (45 10)"]
[Site "Internet Chess Club"]
[Date "2021.02.27"]
[Round "4"]
[White "LEVIN, EVGENY A:Assured"]
[Black "DAI, GEORGE JINGCHANG:GeorgeDai"]
[Result "1-0"]
[ICCResult "Black resigns"]
[WhiteElo "2577"]
[BlackElo "2078"]
[Opening "Bogo-Indian defense, Grünfeld variation"]
[ECO "E11"]
[NIC "QI.01"]
[Time "18:31:46"]
[PlyCount "47"]
[TimeControl "2700+10"]

1. d4 Nf6 2. c4 e6 3. Nf3 Bb4+ 4. Nbd2 O-O 5. a3 Be7 6. e4 d5 7. e5 Nfd7 8.
Bd3 c5 9. O-O Nc6 10. Qc2 h6 11. Re1 b6 12. cxd5 exd5 13. Nf1 Bb7 14. Ng3
Re8 15. Nf5 Bf8 16. Bf4 Nxd4 17. N3xd4 cxd4 18. b4 a5 19. Qd1 g6 20. Qg4
Kh7 21. Nxh6 Bxh6 22. Qh3 Nf8 23. Qxh6+ Kg8 24. Bg5 { Black resigns } 1-0

[Event "ICC tourney 2410 (45 10)"]
[Site "Internet Chess Club"]
[Date "2021.02.27"]
[Round "4"]
[White "Dragun, Kamil:Dragso95"]
[Black "MOREFIELD, JASON P:MBJPM"]
[Result "1-0"]
[ICCResult "Black resigns"]
[WhiteElo "2619"]
[BlackElo "2349"]
[Opening "QGD Slav defense: exchange variation"]
[ECO "D10"]
[NIC "SL.01"]
[Time "18:31:42"]
[PlyCount "67"]
[TimeControl "2700+10"]

1. d4 d5 2. c4 c6 3. cxd5 cxd5 4. Bf4 Nc6 5. e3 Nf6 6. Nc3 a6 7. Bd3 Bg4 8.
Nge2 e6 9. O-O Bd6 10. f3 Bh5 11. Rc1 Bg6 12. Na4 O-O 13. Bxg6 hxg6 14.
Bxd6 Qxd6 15. Qb3 Rab8 16. Nc5 Rfc8 17. Rc3 e5 18. Qa4 exd4 19. Nxd4 Ne7
20. Rfc1 g5 21. Qd1 Qe5 22. Qe1 Kh7 23. Qg3 Ng6 24. Qh3+ Kg8 25. Nd7 Rxc3
26. Rxc3 Nxd7 27. Qxd7 Nf8 28. Qc7 Qe8 29. Kf2 g4 30. fxg4 Nd7 31. g5 Ne5
32. Nf5 Ng6 33. Nd6 Qf8 34. Nc8 { Black resigns } 1-0

[Event "ICC tourney 2410 (45 10)"]
[Site "Internet Chess Club"]
[Date "2021.02.27"]
[Round "4"]
[White "KAPLAN, AVI HARRISON:ChicagoExpert"]
[Black "CHEN, JONATHAN:WCCJCB"]
[Result "0-1"]
[ICCResult "White checkmated"]
[WhiteElo "2103"]
[BlackElo "2216"]
[Opening "Nimzo-Indian defense"]
[ECO "E20"]
[NIC "NI.30"]
[Time "18:31:58"]
[PlyCount "106"]
[TimeControl "2700+10"]

1. d4 Nf6 2. c4 e6 3. Nc3 Bb4 4. Bd2 d5 5. e3 O-O 6. cxd5 exd5 7. Bd3 c6 8.
Nge2 Be6 9. O-O Bd6 10. f3 Qc7 11. h3 Ne8 12. Rc1 Qe7 13. Qc2 g6 14. e4 Nd7
15. e5 Bc7 16. f4 f6 17. exf6 Qxf6 18. Nd1 Nd6 19. Ne3 Nf5 20. Ng4 Qh4 21.
Qb3 Bb6 22. Be1 Qe7 23. Bb4 Nxd4 24. Nh6+ Kg7 25. Qc3 Qf6 26. Bxf8+ Rxf8
27. Kh2 Nxe2 28. Bxe2 Qxc3 29. Rxc3 Kxh6 30. Bg4 Bxg4 31. hxg4 Nc5 32. Rh3+
Kg7 33. f5 Ne4 34. b4 Bc7+ 35. Kg1 Bb6+ 36. Kh2 Nf2 37. Rg3 Re8 38. f6+ Kf7
39. g5 Re2 40. a4 Bc7 41. b5 Re3 42. Rxf2 Bxg3+ 43. Kg1 Bxf2+ 44. Kxf2 Ra3
45. b6 axb6 46. a5 bxa5 47. g3 b5 48. Kg2 b4 49. Kh3 b3 50. Kh4 Ra4+ 51.
Kh3 b2 52. Kg2 b1=Q 53. Kh3 Qh1# { White checkmated } 0-1

[Event "ICC tourney 2410 (45 10)"]
[Site "Internet Chess Club"]
[Date "2021.02.27"]
[Round "4"]
[White "MEIYAPPAN, ANNAPOORNI:annameiyappan"]
[Black "MAR, RACHAEL YUNXI:KittiesRock18"]
[Result "1/2-1/2"]
[ICCResult "Game drawn by mutual agreement"]
[WhiteElo "2003"]
[BlackElo "1916"]
[Opening "Sicilian"]
[ECO "B50"]
[NIC "SI.01"]
[Time "18:31:43"]
[PlyCount "76"]
[TimeControl "2700+10"]

1. e4 c5 2. Nf3 d6 3. c3 Nf6 4. Be2 g6 5. O-O Bg7 6. Bb5+ Bd7 7. Bxd7+
Nbxd7 8. Re1 O-O 9. d4 e6 10. e5 dxe5 11. dxe5 Ng4 12. Bg5 Qc7 13. Be7 Rfe8
14. Bd6 Qc6 15. h3 Nh6 16. Nbd2 Nf5 17. Ne4 Rad8 18. Qb3 Nxd6 19. Nxd6 Nxe5
20. Nxe8 Nxf3+ 21. gxf3 Rxe8 22. c4 Qc7 23. Rad1 Bd4 24. Kg2 b6 25. Qb5 Rd8
26. Re4 Qe7 27. b4 e5 28. bxc5 bxc5 29. Qa5 Rb8 30. Re2 Rb6 31. Rxd4 cxd4
32. Rxe5 Qf6 33. Qc5 Rd6 34. Rd5 Rxd5 35. Qxd5 Kf8 36. c5 d3 37. c6 d2 38.
c7 Qc3 { Game drawn by mutual agreement } 1/2-1/2

[Event "ICC tourney 2410 (45 10)"]
[Site "Internet Chess Club"]
[Date "2021.02.27"]
[Round "4"]
[White "SHANKAR, ADEETHYIA:adchess"]
[Black "MIKHALEVSKI, VICTOR:Visam"]
[Result "1/2-1/2"]
[ICCResult "Game drawn by repetition"]
[WhiteElo "2012"]
[BlackElo "2612"]
[Opening "Grünfeld with Bf4 & e3"]
[ECO "D93"]
[NIC "GI.07"]
[Time "18:32:03"]
[PlyCount "104"]
[TimeControl "2700+10"]

1. d4 Nf6 2. Nf3 g6 3. c4 Bg7 4. Nc3 d5 5. Bf4 O-O 6. e3 c5 7. dxc5 Ne4 8.
Be5 Bxe5 9. Nxe5 Nxc3 10. bxc3 Qc7 11. Qd4 f6 12. Nf3 Nc6 13. Qxd5+ e6 14.
Qd1 e5 15. Be2 Be6 16. O-O Na5 17. Qa4 Qxc5 18. Nd2 Qc7 19. Rfd1 b6 20. c5
Qxc5 21. Ne4 Qc7 22. Rd6 Qe7 23. Rad1 Rad8 24. Qb4 Rxd6 25. Rxd6 Kf7 26.
Bb5 Rd8 27. Rxd8 Qxd8 28. Nd6+ Kg8 29. f4 Bxa2 30. fxe5 fxe5 31. c4 Nb3 32.
Bc6 Qf8 33. Bd5+ Kg7 34. Qa3 Na5 35. e4 Bb3 36. c5 Qf4 37. c6 Qe3+ 38. Kf1
Qd3+ 39. Kf2 Qd2+ 40. Kf1 Qd1+ 41. Kf2 Qd2+ 42. Kf1 Qd1+ 43. Kf2 Qd4+ 44.
Kf1 Qd1+ 45. Kf2 Qd2+ 46. Kf1 Qd1+ 47. Kf2 Qd2+ 48. Kf1 Qd1+ 49. Kf2 Qd2+
50. Kf1 Qd3+ 51. Kf2 Qd4+ 52. Kf1 Qd3+ { Game drawn by repetition } 1/2-1/2

[Event "ICC tourney 2410 (45 10)"]
[Site "Internet Chess Club"]
[Date "2021.02.27"]
[Round "4"]
[White "TURCOTTE,JONATHAN:JonnyTurgi"]
[Black "BRUHA, NICHOLAS:mentosandcoke"]
[Result "1-0"]
[ICCResult "Black forfeits on time"]
[WhiteElo "2087"]
[BlackElo "1933"]
[Opening "Dutch defense"]
[ECO "A40"]
[NIC "QO.17"]
[Time "18:31:43"]
[PlyCount "71"]
[TimeControl "2700+10"]

1. d4 e6 2. c4 f5 3. Nf3 Nf6 4. Nc3 Bb4 5. Bd2 O-O 6. g3 b6 7. Bg2 Bb7 8.
O-O Bxc3 9. Bxc3 Ne4 10. Rc1 d6 11. Qb3 Nd7 12. Rfd1 Qe7 13. Be1 Kh8 14.
Qa3 a5 15. Nd2 Ndf6 16. Nb1 Rae8 17. f3 Ng5 18. h4 Nf7 19. Bf2 e5 20. dxe5
Nxe5 21. f4 Neg4 22. Bxb7 Nxf2 23. Kxf2 Qxe2+ 24. Kg1 Re3 25. Rd2 Rxa3 26.
Rxe2 Rxg3+ 27. Kh2 Rg4 28. Bf3 Rxf4 29. Kg3 Rd4 30. Nd2 h6 31. Nb3 Rd3 32.
Rh1 a4 33. Nc1 Rd4 34. b3 Rf7 35. h5 f4+ 36. Kg2 { Black forfeits on time }
1-0

[Event "ICC tourney 2410 (45 10)"]
[Site "Internet Chess Club"]
[Date "2021.02.27"]
[Round "4"]
[White "JAYASUNDERA, SHANE:Ethan03"]
[Black "GUHA, ROHIT:RG2017"]
[Result "1-0"]
[ICCResult "Black resigns"]
[WhiteElo "1987"]
[BlackElo "1998"]
[Opening "French: Tarrasch, open variation"]
[ECO "C07"]
[NIC "FR.18"]
[Time "18:31:48"]
[PlyCount "129"]
[TimeControl "2700+10"]

1. e4 e6 2. d4 d5 3. Nd2 c5 4. Ngf3 cxd4 5. exd5 Qxd5 6. Bc4 Qd6 7. O-O Nf6
8. Nb3 Nc6 9. Nbxd4 Nxd4 10. Nxd4 a6 11. a4 Qc7 12. b3 Bd6 13. h3 O-O 14.
Bb2 e5 15. Nf3 Bf5 16. Qe2 Rfe8 17. Rfe1 Be4 18. Bxf7+ Qxf7 19. Ng5 Qg6 20.
Nxe4 Qxe4 21. Qxe4 Nxe4 22. Rxe4 Re7 23. Rd1 Bc7 24. Rde1 Rc8 25. c4 Rd8
26. Bxe5 Rde8 27. f4 Bxe5 28. Rxe5 Rxe5 29. fxe5 Kf7 30. Kf2 Rd8 31. Kf3
Ke6 32. Ke4 Rd2 33. g4 Rb2 34. Re3 Rd2 35. Rd3 Re2+ 36. Kd4 b6 37. Re3 Rc2
38. Kd3 Rc1 39. Kd2 Rh1 40. Kc3 a5 41. b4 Rc1+ 42. Kd4 Rb1 43. bxa5 bxa5
44. Kc5 Rb4 45. Rc3 Kxe5 46. Re3+ Kf4 47. Re7 Kg3 48. Rxg7 Kxh3 49. Rxh7+
Kxg4 50. Ra7 Rxa4 51. Kb5 Rb4+ 52. Kc5 Ra4 53. Kd5 Ra1 54. c5 Kf5 55. Kd6
a4 56. c6 a3 57. c7 Rd1+ 58. Kc6 Rc1+ 59. Kb7 Rb1+ 60. Ka8 Rc1 61. Kb8 Rb1+
62. Rb7 a2 63. c8=Q+ Ke5 64. Qc5+ Kf4 65. Qc4+ { Black resigns } 1-0

[Event "ICC tourney 2410 (45 10)"]
[Site "Internet Chess Club"]
[Date "2021.02.27"]
[Round "4"]
[White "VAKHIDOV, JAKHONGIR:TjkTiger"]
[Black "BELOUS, VLADIMIR:Openyagami"]
[Result "0-1"]
[ICCResult "White resigns"]
[WhiteElo "2605"]
[BlackElo "2601"]
[Opening "English: four knights, Nimzovich variation"]
[ECO "A28"]
[NIC "EO.21"]
[Time "18:32:37"]
[PlyCount "144"]
[TimeControl "2700+10"]

1. c4 e5 2. Nc3 Nc6 3. Nf3 Nf6 4. e4 Bb4 5. d3 d6 6. a3 Bc5 7. b4 Bb6 8.
Na4 Bd4 9. Rb1 Bg4 10. Be2 Bxf3 11. Bxf3 O-O 12. O-O a5 13. b5 Ne7 14. Be3
Nd7 15. Bg4 Nc5 16. Bxd4 exd4 17. Nxc5 dxc5 18. f4 f5 19. Bf3 fxe4 20. Bxe4
Nf5 21. Bxb7 Ne3 22. Qh5 Qe8 23. Qh3 Nxf1 24. Rxf1 Rd8 25. Be4 g6 26. Qg4
Qe7 27. h4 Kh8 28. Rf3 Rf6 29. h5 gxh5 30. Qxh5 Rg8 31. Rh3 Rg7 32. Rf3 Re6
33. Qd5 Rh6 34. g3 c6 35. Qe5 Re6 36. Qf5 cxb5 37. cxb5 c4 38. b6 Rxb6 39.
Qc8+ Rg8 40. Qxc4 Rb1+ 41. Kg2 Rb2+ 42. Rf2 Rxf2+ 43. Kxf2 Qg7 44. g4 Qxg4
45. Qxd4+ Qg7 46. Qe5 Qxe5 47. fxe5 h5 48. d4 Kg7 49. Ke3 h4 50. d5 h3 51.
d6 h2 52. Kd4 Rh8 53. Bh1 Kf7 54. Bd5+ Kg7 55. Bh1 Rb8 56. Kc5 Rb1 57. d7
Rd1 58. e6 Kf6 59. Bf3 Ke7 60. Bxd1 h1=Q 61. Ba4 Qb7 62. Bc6 Qb2 63. Bb5
Qxa3+ 64. Kb6 a4 65. Ka5 Qd6 66. Kxa4 Qxe6 67. Kb4 Qd6+ 68. Kc4 Kd8 69. Ba4
Kc7 70. Bb5 Kb6 71. Ba4 Ka5 72. Bb5 Qc7+ { White resigns } 0-1

[Event "ICC tourney 2410 (45 10)"]
[Site "Internet Chess Club"]
[Date "2021.02.27"]
[Round "4"]
[White "SAMUELSON, ANDREW:phoenix10q72"]
[Black "FILIPOVICH, DAVID MICHAEL:dmfcan"]
[Result "1-0"]
[ICCResult "White declared winner by adjudication"]
[WhiteElo "2281"]
[BlackElo "2193"]
[Opening "Caro-Kann: advance variation"]
[ECO "B12"]
[NIC "CK.04"]
[Time "18:31:48"]
[PlyCount "131"]
[TimeControl "2700+10"]

1. e4 c6 2. d4 d5 3. e5 Bf5 4. Nf3 e6 5. Be2 Nd7 6. O-O Ne7 7. Nbd2 h6 8.
a4 a5 9. Nb3 Bh7 10. Ne1 Nf5 11. g4 Nh4 12. f4 Be7 13. Be3 O-O 14. Nd3 f5
15. Bf2 b6 16. Nd2 c5 17. Nf3 fxg4 18. Nxh4 Bxh4 19. Bxg4 Bf5 20. Ra3 Bxf2+
21. Nxf2 cxd4 22. Qxd4 Qe7 23. Bxf5 Rxf5 24. Rg3 Qc5 25. Qxc5 Nxc5 26. Ng4
Kf8 27. Ne3 Rf7 28. b3 Ke7 29. f5 Raf8 30. fxe6 Kxe6 31. Rg6+ Kxe5 32. Rxb6
Kd4 33. Rxf7 Rxf7 34. Nf1 Ne4 35. Rb5 Rf6 36. Ng3 Nxg3 37. hxg3 Rc6 38. c4
dxc4 39. bxc4 Kxc4 40. Rxa5 Kb4 41. Ra7 Rg6 42. Kh2 Rg4 43. Kg2 h5 44. Kf3
Rg6 45. a5 Kb5 46. a6 Rf6+ 47. Ke4 Rg6 48. Kf4 Rg4+ 49. Kf3 Rg6 50. Kf2
Rf6+ 51. Kg2 Rg6 52. Kh3 Rg4 53. Ra8 Kb6 54. a7 Rg5 55. Kh4 Rg4+ 56. Kxh5
Rxg3 57. Kh4 Ra3 58. Rb8+ Kxa7 59. Rg8 Ra4+ 60. Kh5 Rf4 61. Rxg7+ Kb6 62.
Kg5 Rf1 63. Rg6+ Kb7 64. Re6 Kc7 65. Rf6 Kb7 66. Rxf1 { White declared
winner by adjudication } 1-0

[Event "ICC tourney 2410 (45 10)"]
[Site "Internet Chess Club"]
[Date "2021.02.27"]
[Round "4"]
[White "BERKLEY, DARRIN K:drberkley"]
[Black "Ye, Chen-Chen:Solidwrench2"]
[Result "1/2-1/2"]
[ICCResult "Game drawn by mutual agreement"]
[WhiteElo "1955"]
[BlackElo "1972"]
[Opening "Sicilian: closed"]
[ECO "B23"]
[NIC "SI.44"]
[Time "18:31:47"]
[PlyCount "202"]
[TimeControl "2700+10"]

1. e4 c5 2. Nc3 d6 3. f4 Nc6 4. Nf3 g6 5. Bb5 Bg7 6. Bxc6+ bxc6 7. d3 e6 8.
O-O Ne7 9. Qe1 O-O 10. Qh4 Rb8 11. Nd1 f5 12. e5 d5 13. b3 Re8 14. Nc3 c4
15. Ba3 cxd3 16. cxd3 h6 17. Na4 g5 18. fxg5 Ng6 19. Qh5 Nf4 20. Qh4 Ng6
21. Qe1 hxg5 22. Bd6 Rb7 23. Rc1 Rd7 24. Qb4 g4 25. Nd4 a5 26. Qc5 Nxe5 27.
Bxe5 Bxe5 28. g3 Qg5 29. Rce1 Bxd4+ 30. Qxd4 Rh7 31. Rf2 Qg7 32. Qc5 Bd7
33. Qxa5 Qd4 34. Qc3 Qxc3 35. Nxc3 c5 36. Re5 Kf7 37. a4 Rb8 38. Rb2 d4 39.
Nd1 Rhh8 40. Rxc5 Rhc8 41. Rxc8 Rxc8 42. Rb1 e5 43. Nb2 Rc3 44. Nc4 Ke6 45.
a5 Rxd3 46. a6 Bc6 47. a7 Rc3 48. Nb6 d3 49. Rd1 Rxb3 50. a8=Q Bxa8 51.
Nxa8 Kd7 52. Kf2 e4 53. Ke3 Rb8 54. Ra1 Kc6 55. Ra7 Rb7 56. Ra6+ Kb5 57.
Rf6 Rd7 58. Rxf5+ Ka6 59. Rf1 Kb7 60. Ra1 Rd8 61. Kxe4 d2 62. Rd1 Kxa8 63.
Ke3 Kb7 64. Rxd2 Rf8 65. Rf2 Re8+ 66. Kd3 Rd8+ 67. Ke2 Re8+ 68. Kf1 Kc6 69.
Rf4 Rg8 70. Ke2 Kd5 71. Ke3 Re8+ 72. Kd3 Rg8 73. Ke3 Re8+ 74. Kf2 Rg8 75.
Kg2 Ke5 76. Ra4 Kf5 77. Ra5+ Ke4 78. Ra4+ Kf5 79. Rf4+ Ke5 80. Ra4 Kf5 81.
h3 gxh3+ 82. Kxh3 Rh8+ 83. Rh4 Ra8 84. Rh5+ Kg6 85. Rb5 Ra4 86. Rc5 Ra3 87.
Kh4 Ra6 88. g4 Rb6 89. Rg5+ Kh6 90. Rc5 Kg6 91. Kg3 Rb3+ 92. Kf4 Rb4+ 93.
Kg3 Rb3+ 94. Kh4 Rb6 95. Rc4 Ra6 96. Kg3 Rf6 97. Rc5 Ra6 98. Rc4 Rf6 99.
Re4 Ra6 100. Kf4 Rf6+ 101. Kg3 Ra6 { Game drawn by mutual agreement }
1/2-1/2

[Event "ICC tourney 2410 (45 10)"]
[Site "Internet Chess Club"]
[Date "2021.02.27"]
[Round "5"]
[White "MARIAPPAN, ANISH M:Tacticsguy52"]
[Black "SHEEHAN, ETHAN THOMAS:Chessking2008"]
[Result "0-1"]
[ICCResult "White checkmated"]
[WhiteElo "1895"]
[BlackElo "2192"]
[Opening "Sicilian: Hungarian variation"]
[ECO "B34"]
[NIC "SI.43"]
[Time "21:01:47"]
[PlyCount "38"]
[TimeControl "2700+10"]

1. e4 c5 2. Nf3 g6 3. d4 cxd4 4. Nxd4 Bg7 5. Be3 Nc6 6. Nc3 Nf6 7. f3 O-O
8. Qd2 d5 9. Nxc6 bxc6 10. O-O-O Qa5 11. exd5 cxd5 12. Kb1 Rb8 13. Be2 Ne4
14. Nxe4 Rxb2+ 15. Kc1 Qxa2 16. Qd3 dxe4 17. Qc4 Qa3 18. Qc5 Rxc2+ 19. Kxc2
Qb2# { White checkmated } 0-1

[Event "ICC tourney 2410 (45 10)"]
[Site "Internet Chess Club"]
[Date "2021.02.27"]
[Round "5"]
[White "SRIPADA, HAVISH:brilliantnessme"]
[Black "KAPLAN, AVI HARRISON:ChicagoExpert"]
[Result "1/2-1/2"]
[ICCResult "Game drawn by mutual agreement"]
[WhiteElo "2036"]
[BlackElo "2103"]
[Opening "Sicilian: Najdorf, Byrne (English) attack"]
[ECO "B90"]
[NIC "SI.14"]
[Time "21:01:57"]
[PlyCount "65"]
[TimeControl "2700+10"]

1. e4 c5 2. Nf3 d6 3. d4 cxd4 4. Nxd4 Nf6 5. Nc3 a6 6. Be3 Ng4 7. Bc1 Nf6
8. Be3 e5 9. Nb3 Be6 10. f3 h5 11. Qd2 Nbd7 12. O-O-O Rc8 13. Kb1 b5 14. f4
b4 15. Nd5 Nxe4 16. Qxb4 Bxd5 17. Rxd5 Nef6 18. Rd1 Qc7 19. Qd2 Ng4 20. Bd3
g6 21. f5 Nxe3 22. Qxe3 gxf5 23. Bxf5 Rb8 24. Bxd7+ Qxd7 25. Rd5 Rb5 26.
Rxb5 Qxb5 27. Rd1 Be7 28. Qf3 Rh6 29. Qa8+ Kd7 30. Qxa6 Qxa6 31. Nc5+ Kc8
32. Nxa6 d5 33. Rxd5 { Game drawn by mutual agreement } 1/2-1/2